 Dungeon Crawl Stone Soup version 0.14-a0-2061-g6c6fb9c (webtiles) character file.

122 Faustar the Ducker (level 3, -5/25 HPs)
             Began as a Felid Berserker on Jan 22, 2014.
             Was a Believer of Trog.
             Slain by a gnoll
             ... wielding a +0,+0 club
              (10 damage)
             ... on Level 2 of the Dungeon.
             The game lasted 00:02:54 (1121 turns).

Faustar the Ducker (Felid Berserker)                Turns: 1121, Time: 00:02:54

HP  -5/25        AC  1     Str 18      XL: 3   Next: 37%
MP   5/5         EV 19     Int  8      God: Trog [**....]
Gold 79          SH  0     Dex 16      Spells:  0 memorised,  2 levels left
Lives: 0, deaths: 0

rFire  . . .     SeeInvis +       - Unarmed
rCold  . . .     Clarity  .     (armour unavailable)
rNeg   . . .     Conserve .     (shield unavailable)
rPois  .         rCorr    .     (helmet unavailable)
rElec  .         rRot     .     (cloak unavailable)
SustAb . .       Spirit   .     (gloves unavailable)
rMut   .         Warding  .     (boots unavailable)
Saprov . . .     Stasis   .     (no amulet)
MR     ++...                    (no ring)
                                (no ring)

@: regenerating, berserking, very quick, very resistant to hostile enchantments,
extremely unstealthy
A: paw claws, no armour, no advanced items, fangs 3, see invisible, carnivore 3,
speed 1, shaggy fur 1, slow metabolism 1, jump 1
a: Jump Attack, Burn Spellbooks, Berserk, Trog's Hand, Renounce Religion


You were on level 2 of the Dungeon.
You worshipped Trog.
Trog was pleased with you.
You were not hungry.

You visited 1 branch of the dungeon, and saw 2 of its levels.

You collected 79 gold pieces.

Inventory:

Comestibles
 c - 3 meat rations
Scrolls
 a - a scroll of enchant weapon II {unknown}
 d - 2 scrolls of identify {unknown}
 e - a scroll of curse armour {unknown}
 f - a scroll of immolation {unknown}
 g - a scroll of recharging {unknown}
 h - a scroll of curse weapon {unknown}
 i - a scroll of curse jewellery {unknown}
 k - a scroll of blinking {unknown}
Jewellery
 j - an uncursed amulet of stasis
Potions
 b - 4 potions of curing {unknown}


   Skills:
 + Level 3.2 Fighting
 + Level 4.3 Dodging
 * Level 4.1 Unarmed Combat


You had 2 spell levels left.
You didn't know any spells.

Dungeon Overview and Level Annotations

Branches:
Dungeon (2/16)

Altars:
Ashenzari


Innate Abilities, Weirdness & Mutations

You cannot wear armour.
You are incapable of any advanced item manipulation.
Your paws have sharp claws.
You have razor-sharp teeth.
You have supernaturally acute eyesight.
You are carnivorous and can eat meat at any time.
You cover ground quickly.
You are covered in fur (AC +1).
You have a slow metabolism.
You can jump attack at a short distance.


Message History

You feel somewhat more hungry. The gnoll closely misses you.
You claw the gnoll!
The gnoll begins to bleed from its wounds!
The gnoll is almost dead.
You scratch the gnoll.
The gnoll is almost dead.
The gnoll completely misses you. The gnoll closely misses you.
You closely miss the gnoll. You bite the gnoll, but do no damage.
The gnoll is almost dead.
The gnoll hits you with a club!
You claw the gnoll!
You kill the gnoll!
Trog accepts your kill.
The gnoll hits you from afar with a halberd.
* * * LOW HITPOINT WARNING * * *
You are too injured to fight recklessly!
You are too injured to fight recklessly!
You are too injured to fight recklessly!
You barely miss the gnoll. The gnoll hits you with a club!
You die...

#.#. ######.. ##.#.#.#.
....... ....... . #.....
####.#.#.# .# #.....
##..?.....# .r# #.#
..!.......# ..# #.#
..........#...# #.#
.......>g..#...#########.#
...<...g.@........<.......
...#######.#############.#
##.##### #.#
###########......# ###.#
.................# #....
###########......# #...#
#.....># #...# #......#
#...# ##......#######....


You could see 2 gnolls.

Vanquished Creatures
  2 gnolls
  An ooze (D:2)
  A giant cockroach (D:2)
  4 goblins (D:1)
  4 hobgoblins (D:1)
  3 kobolds (D:1)
  A ball python (D:1)
  2 bats (D:1)
  A giant newt (D:1)
  4 rats (D:1)
23 creatures vanquished.

Notes
Turn   | Place    | Note
--------------------------------------------------------------
     0 | D:1      | Faustar, the Felid Berserker, began the quest for the Orb.
     0 | D:1      | Reached XP level 1. HP: 10/10 MP: 2/2
   251 | D:1      | Reached XP level 2. HP: 14/14 MP: 3/3
   667 | D:1      | Acquired Trog's second power
   773 | D:1      | Found a shattered altar of Ashenzari.
   807 | D:1      | Reached XP level 3. HP: 17/17 MP: 5/5
  1121 | D:2      | Slain by a gnoll

Action                   || total
-------------------------++-------
Melee: Unarmed           ||    55
Invok: Berserk           ||     3
       Trog's Hand       ||     1
 Stab: Sleeping          ||     1
